 Dungeon Crawl Stone Soup version 0.31-a0-8-gd14b0f4ee2 (console) character file.

Game seed: 10019690483962155862

6 petzl the Sneak (level 2, 0/24 HPs)
             Began as a Formicid Delver on May 6, 2023.
             Slain by an iguana (6 damage)
             ... on level 5 of the Dungeon.
             The game lasted 00:00:58 (181 turns).

petzl the Sneak (Formicid Delver)                    Turns: 181, Time: 00:00:59

Health: 0/24       AC:  3    Str: 16    XL:     2   Next: 0%
Magic:  2/2        EV: 12    Int:  9    God:
Gold:   0          SH:  0    Dex: 15    Spells: 1/1 levels left

rFire   . . .        a - +0 mace
rCold   . . .        (no shield)
rNeg    . . .        b - +0 leather armour
rPois   .            (helmet unavailable)
rElec   .            (no cloak)
rCorr   .            (no gloves)
SInv    +            (no boots)
Will    .....        (no amulet)
Stlth   +++          (no ring)
HPRegen 0.24/turn    (no ring)
MPRegen 0.08/turn

%: no passive effects
@: no status effects
A: permanent stasis, dig shafts and tunnels, antennae 3, four strong arms
a: Dig, Shaft Self


You were on level 5 of the Dungeon.
You visited 1 branch of the dungeon, and saw 2 of its levels.

Inventory:

Hand Weapons
 a - a +0 mace (weapon)
Armour
 b - a +0 leather armour (worn)
Wands
 f - a wand of digging (3)
Scrolls
 c - a scroll of fog
 d - a scroll of magic mapping
 e - a scroll of fear


   Skills:
 - Level 3.4 Fighting
 - Level 2.1 Maces & Flails
 - Level 1.9 Dodging
 - Level 6.1 Stealth
 + Level 0.0 Spellcasting


You had one spell level left.
You didn't know any spells.
Your spell library was empty.

Dungeon Overview and Level Annotations

Branches:
Dungeon (6/15)             Temple (0/1) D:5

Altars:

Annotations:
D:5 exclusion: hound


Innate Abilities, Weirdness & Mutations

You cannot be hasted, slowed, berserked, paralysed or teleported.
You can dig through walls and to a lower floor.
You have a pair of large antennae on your head. (SInv)
Your four strong arms can wield two-handed weapons with a shield.


Message History

The orc closely misses you. The orc hits you with a +0 club.
You thump the orc!
You kill the orc!
You barely miss the orc. The orc barely misses you.
You barely miss the orc. The orc barely misses you. x2
You sock the orc!
You kill the orc!
You sock the orc!
You kill the orc!
You have reached level 2!
You don't know any spells.
Unknown command.
Unknown command.
Unknown command.
Unknown command.
Items here: ( ))) †††.
You start resting.
HP restored.
A scorpion comes into view.
You sense a monster nearby.
Items here: ( ))) †††.
A scorpion is nearby!
A scorpion is nearby!
A scorpion is nearby!
Items here: ( ))) †††.
An iguana comes into view.
Found a staircase to the Ecumenical Temple.
The iguana bites you!
You hit the iguana.
The iguana is lightly wounded.
The iguana bites you.
You hit the iguana.
The iguana is moderately wounded.
The iguana bites you.
* * * LOW HITPOINT WARNING * * *
The iguana bites you but does no damage.
You barely miss the iguana.
The iguana is moderately wounded.
The iguana bites you.
You die...

. .##. .# ....
.# ..# .#
..#### { #####
.# .....{{ ...#
.# ..s.
#####.##.# #
..#
#........##..>#
..#####.
#.###..@l...#
........ #.#
#########
..###### #.#
>.## #.# ...#
#.# .#.# #.#
.#.#####.##.#
.#.......##.#
.#..#######.#
.#..# #.# .#..#
#.#
.#..#######.#
........)...#
##..#########
##..# ....#
#####


You could see an iguana.

Vanquished Creatures
  3 orcs (D:5)
3 creatures vanquished.

Notes
Turn   | Place    | Note
-------+----------+-------------------------------------------
     0 | D:5      | petzl the Formicid Delver began the quest for the Orb.
     0 | D:5      | Reached XP level 1. HP: 18/18 MP: 1/1
    26 | D:6      | Noticed a bullfrog
    61 | D:5      | Noticed a hound
    87 | D:5      | Reached XP level 2. HP: 22/24 MP: 2/2
   112 | D:5      | Noticed a scorpion
   177 | D:5      | Found a staircase to the Ecumenical Temple.
   181 | D:5      | Slain by an iguana

Illustrated notes

Levels and vault maps discovered:
D:5:      layout_loops_ring, temple_statues, serial_shops, shop,
          serial_bayou_crossing
D:6:      layout_rooms, ebering_ghost_rock_garden, uniq_pikel

Action                     || total
---------------------------++-------
  Melee: Mace              ||    10
 Armour: Leather armour    ||     1
  Dodge: Dodged            ||     4

Table legend: (Time is in decaauts)
 A = Elapsed time spent in this place.
 B = Non-inter-level travel time spent in this place.
 C = Inter-level travel time spent in this place.
 D = Time resting spent in this place.
 E = Time spent auto-exploring this place.
 F = Levels seen in this place.
 G = Mean time per level.
                   A        B        C        D        E       F      G
               +--------+--------+--------+--------+--------+-----+--------+
         Total |    184 |    184 |      0 |      8 |     65 |   2 |   92.0 |
       Dungeon |    184 |    184 |      0 |      8 |     65 |   2 |   92.0 |
               +--------+--------+--------+--------+--------+-----+--------+

Top non-repeatable levels by time:
     D:5: 182 daAuts
     D:6: 1 daAuts
